[Event "Titled Tuesday Blitz February 15 Late 2022"]
[White "Kalajzic, Ivan"]
[Black "Osmonbekov, Talaibek"]
[WhiteFideId "14506378"]
[BlackFideId "2017253"]
[WhiteElo "2163"]
[BlackElo "2135"]
[Result "0-1"]
[Round "10"]
[TimeControl "180+1"]
[Date "2022.02.16"]
[WhiteClock "0:00:04"]
[BlackClock "0:00:12"]

1. b3 e5 2. Bb2 d6 3. e3 f5 4. d4 e4 5. d5 Nf6 6. h4 c6 7. Nc3 Be7 8. Nh3 Nbd7 9. Nf4 Ne5 10. Be2 O-O 11. Qd2 a5 12. a4 Bd7 13. h5 Nfg4 14. h6 Nxh6 15. Rxh6 gxh6 16. O-O-O c5 17. f3 exf3 18. gxf3 Kh8 19. Nh5 Be8 20. f4 Bxh5 21. Bxh5 Ng4 22. Rg1 Bf6 23. Bxg4 fxg4 24. Rxg4 h5 25. Rg1 Rg8 26. Rh1 h4 27. Ne4 Bxb2+ 28. Kxb2 Qe7 29. Qc3+ Rg7 30. Ng5 Kg8 31. Ne6 Rg3 32. f5 b5 33. f6 Qf7 34. Rxh4 b4 35. Qc4 Qxf6+ 36. Ka2 Kh8 37. Rg4 Rg8 38. Rxg3 Rxg3 39. Qa6 Qe5 40. Qc8+ Rg8 41. Qd7 Qc3 42. Ng5 Rxg5 43. Qd8+ Rg8 44. Qf6+ Qxf6 0-1


[Site "https://www.chess.com"]

[Event "Titled Tuesday Blitz February 15 Late 2022"]
[White "Kobo, Ori"]
[Black "Musovic, Armin"]
[WhiteFideId "2812320"]
[BlackFideId "939935"]
[WhiteElo "2420"]
[BlackElo "2250"]
[Result "1-0"]
[Round "10"]
[TimeControl "180+1"]
[Date "2022.02.15"]
[WhiteClock "0:01:05"]
[BlackClock "0:01:12"]

1. c4 e5 2. Nc3 Bb4 3. Nd5 Bc5 4. e3 c6 5. d4 Bf8 6. Nc3 Qe7 7. Nf3 exd4 8. Nxd4 d6 9. Be2 Nf6 10. b3 g6 11. Ba3 Bg7 12. O-O O-O 13. Qd2 Rd8 14. Rfd1 Ne8 15. Rac1 Nd7 16. h3 Nc5 17. Bf3 h5 18. Bxc5 dxc5 19. Nxc6 Rxd2 20. Nxe7+ Kf8 21. Nxg6+ fxg6 22. Rxd2 Rb8 23. Rd8 Bf6 24. Rd2 b6 25. Nd5 Bd8 26. Nf4 Bf5 27. g4 hxg4 28. hxg4 g5 29. gxf5 gxf4 30. exf4 Bc7 31. Rd7 Bd6 32. Re1 Bxf4 33. Ree7 Nd6 34. Rh7 Be5 35. f6 1-0


[Site "https://www.chess.com"]

[Event "Titled Tuesday Blitz February 15 Late 2022"]
[White "Komissarov, Alexey"]
[Black "Antova, Gabriela"]
[WhiteFideId "4176545"]
[BlackFideId "2915235"]
[WhiteElo "2216"]
[BlackElo "2184"]
[Result "0-1"]
[Round "10"]
[TimeControl "180+1"]
[Date "2022.02.16"]
[WhiteClock "0:00:07"]
[BlackClock "0:00:16"]

1. e4 c5 2. d4 cxd4 3. c3 Nf6 4. e5 Nd5 5. Nf3 Nc6 6. Bc4 Nb6 7. Bb3 d5 8. exd6 Qxd6 9. O-O Be6 10. Bxe6 Qxe6 11. Re1 Qd7 12. cxd4 e6 13. Nc3 Be7 14. Ne4 Rd8 15. Be3 O-O 16. Nc5 Qc8 17. Qb3 Bxc5 18. dxc5 Nd5 19. Rad1 Rd7 20. Bc1 h6 21. Qc4 Rfd8 22. Qh4 Nce7 23. Ne5 Rc7 24. Qh5 Nf6 25. Qxf7+ Kh7 26. Rxd8 Qxd8 27. Qxe6 Ned5 28. Qf5+ Kg8 29. Ng6 Qc8 0-1


[Site "https://www.chess.com"]

[Event "Titled Tuesday Blitz February 15 Late 2022"]
[White "Kopczynski, Michal"]
[Black "Curtis, John"]
[WhiteFideId "1124200"]
[BlackFideId "3200256"]
[WhiteElo "2235"]
[BlackElo "2203"]
[Result "1/2-1/2"]
[Round "10"]
[TimeControl "180+1"]
[Date "2022.02.16"]
[WhiteClock "0:00:10"]
[BlackClock "0:00:42"]

1. e4 c5 2. d4 cxd4 3. c3 d3 4. Bxd3 Nc6 5. f4 d5 6. Nf3 dxe4 7. Bxe4 Qxd1+ 8. Kxd1 Nf6 9. Bd3 Bg4 10. Kc2 Bxf3 11. gxf3 Rc8 12. Kb3 Nd5 13. Be4 e6 14. Bxd5 exd5 15. Rd1 d4 16. cxd4 Nxd4+ 17. Rxd4 Rxc1 18. a3 Bc5 19. Rc4 Rxc4 20. Kxc4 Be3 21. Nc3 Bxf4 22. Nd5 Bd6 23. Rg1 g6 24. Re1+ Kd7 25. Nf6+ Kc6 26. b4 b5+ 27. Kd4 Rd8 28. Rc1+ Kb7 29. Nd5 h5 30. h3 a6 31. Ke4 Bg3 32. f4 f5+ 33. Ke5 g5 34. Rc7+ Kb8 35. Rg7 Bxf4+ 36. Nxf4 gxf4 37. Kxf4 Rd3 38. Kxf5 Rxh3 39. Ke6 Rxa3 40. Kd6 Rc3 41. Rh7 h4 42. Rxh4 Kb7 43. Rh7+ Kb6 44. Kd5 Rd3+ 45. Ke5 Rb3 46. Rh6+ Kb7 47. Rh7+ Kb8 48. Rh6 Rxb4 49. Rxa6 Kb7 50. Rh6 Rc4 51. Kd5 Rc1 52. Kd4 b4 53. Kd3 Rc6 54. Rh4 Rc3+ 55. Kd2 Rb3 56. Kc2 Rc3+ 57. Kb2 Rc6 58. Rxb4+ Rb6 59. Rxb6+ Kxb6 1/2-1/2


[Site "https://www.chess.com"]

[Event "Titled Tuesday Blitz February 15 Late 2022"]
[White "Kostiukov, Alexandr"]
[Black "Stanisz, Patryk"]
[WhiteFideId "14108100"]
[BlackFideId "1123106"]
[WhiteElo "2202"]
[BlackElo "1876"]
[Result "1-0"]
[Round "10"]
[TimeControl "180+1"]
[Date "2022.02.16"]
[WhiteClock "0:00:22"]
[BlackClock "0:00:01"]

1. g3 d5 2. Bg2 c6 3. d3 Nf6 4. e4 dxe4 5. dxe4 Qxd1+ 6. Kxd1 g6 7. f3 Bg7 8. c3 Nbd7 9. Be3 Ne5 10. Nd2 O-O 11. Kc2 h5 12. Nh3 Rd8 13. Nf2 Be6 14. b3 Rd7 15. h3 Rdd8 16. f4 Ned7 17. Bf3 Nb6 18. g4 hxg4 19. hxg4 Bd7 20. a4 Be8 21. a5 Nbd7 22. Nc4 Nh7 23. e5 g5 24. Nd3 gxf4 25. Bxf4 Ndf8 26. a6 b5 27. Na5 Ng6 28. Bg3 Rac8 29. Nb7 Rxd3 30. Kxd3 Bxe5 31. Bxe5 Nxe5+ 32. Ke3 Ng5 33. Be2 f6 34. Rad1 Kg7 35. Nc5 Bf7 36. b4 Bd5 37. Rh2 Bc4 38. Nd7 Bxe2 39. Kxe2 Nxg4 40. Rg2 Nh6 41. Nc5 Nf5 42. Ne6+ Kf7 43. Nxg5+ fxg5 44. Rd7 Kf6 45. Rxa7 Nd6 46. Rf2+ Kg6 47. Rxe7 Nf5 48. Re6+ Kf7 49. Re5 Re8 50. Rxf5+ 1-0


[Site "https://www.chess.com"]

[Event "Titled Tuesday Blitz February 15 Late 2022"]
[White "Koziorowicz, Michal"]
[Black "Mikhailov, Viacheslav"]
[WhiteFideId "21809194"]
[BlackFideId "4187369"]
[WhiteElo "2166"]
[BlackElo "2381"]
[Result "1-0"]
[Round "10"]
[TimeControl "180+1"]
[Date "2022.02.15"]
[WhiteClock "0:00:23"]
[BlackClock "0:00:04"]

1. e4 d6 2. d4 Nf6 3. Nc3 g6 4. Be3 Bg7 5. h4 O-O 6. Nf3 Bg4 7. Be2 Nc6 8. Nd2 Bxe2 9. Qxe2 e5 10. d5 Nd4 11. Qd3 c6 12. h5 cxd5 13. hxg6 fxg6 14. Nxd5 Nxd5 15. exd5 Rc8 16. c3 Nf5 17. Ne4 Nxe3 18. Qxe3 Rf4 19. g3 Rf5 20. O-O-O b5 21. Kb1 a5 22. Rc1 Qf8 23. Rh4 h5 24. Qe2 b4 25. c4 a4 26. g4 Rf4 27. Rch1 a3 28. gxh5 Qf5 29. Rxf4 exf4 30. f3 b3 31. axb3 axb2 32. h6 Ra8 33. hxg7 Ra1+ 34. Kxb2 Rxh1 35. Nc3 Qf6 36. b4 Kxg7 37. b5 Rh8 38. Kb3 Ra8 39. Qe4 g5 40. Ne2 Qa1 41. Qe7+ Kg6 42. Qxd6+ Kh5 43. Nc3 Re8 44. Qd7 Rh8 45. b6 Qa5 46. Qh3+ Kg6 47. Qxh8 Qxb6+ 48. Nb5 Qe3+ 49. Qc3 Qe2 50. Qc2+ Qxc2+ 51. Kxc2 g4 52. fxg4 Kg5 53. Nd4 Kxg4 54. Kd3 Kg3 55. Ke4 f3 56. Nxf3 1-0


[Site "https://www.chess.com"]

[Event "Titled Tuesday Blitz February 15 Late 2022"]
[White "Kushko, Dmitriy"]
[Black "Fishbein, Alexander"]
[WhiteFideId "14162261"]
[BlackFideId "2000377"]
[WhiteElo "2225"]
[BlackElo "2442"]
[Result "1-0"]
[Round "10"]
[TimeControl "180+1"]
[Date "2022.02.15"]
[WhiteClock "0:00:05"]
[BlackClock "0:00:02"]

1. Nf3 Nf6 2. g3 g6 3. Bg2 Bg7 4. c4 O-O 5. O-O d6 6. d4 Nc6 7. Nc3 e5 8. d5 Nb8 9. e4 a5 10. Bg5 Na6 11. Qd2 Nc5 12. Ne1 Re8 13. Nc2 Qe7 14. b3 Qf8 15. h3 h6 16. Be3 b6 17. Rab1 Bd7 18. a3 a4 19. b4 Nb3 20. Qd3 Nh5 21. Nb5 Bxb5 22. cxb5 f5 23. Na1 f4 24. Nxb3 fxe3 25. Nc1 exf2+ 26. Rxf2 Qe7 27. Ne2 Rf8 28. Rbf1 Qg5 29. Kh2 Qe7 30. Rxf8+ Rxf8 31. Rxf8+ Bxf8 32. Bf3 Nf6 33. Nc3 h5 34. Nxa4 g5 35. Nc3 g4 36. Bg2 Bh6 37. h4 Ne8 38. Qf1 Bd2 39. Nd1 Qf6 40. Qe2 Bc1 41. a4 Bf4 42. gxf4 exf4 43. Qe1 g3+ 44. Kg1 Qxh4 45. e5 dxe5 46. Qxe5 Nf6 47. Qe6+ Kg7 48. Qe7+ Kg6 49. Qe6 Qg5 50. Kf1 Kg7 51. Qe7+ Kh6 52. Qe6 Kg7 53. Qe2 Ng4 54. Nc3 Ne3+ 55. Kg1 Qh4 56. Bf3 Qh3 57. Ne4 g2 58. Bxg2 Qg3 59. Qf3 Qe1+ 60. Bf1 Qh4 61. Qf2 Qg4+ 62. Kh2 h4 63. Bh3 Qg3+ 64. Nxg3 hxg3+ 65. Qxg3+ fxg3+ 66. Kxg3 Nxd5 67. a5 bxa5 68. bxa5 Kf6 69. Bg2 1-0


[Site "https://www.chess.com"]

[Event "Titled Tuesday Blitz February 15 Late 2022"]
[White "Levine, Joseph"]
[Black "Yurovskykh, Oleksandr"]
[WhiteFideId "30940346"]
[BlackFideId "14134020"]
[WhiteElo "2496"]
[BlackElo "2580"]
[Result "0-1"]
[Round "10"]
[TimeControl "180+1"]
[Date "2022.02.16"]
[WhiteClock "0:00:14"]
[BlackClock "0:00:26"]

1. e4 d5 2. exd5 Qxd5 3. Nc3 Qd8 4. Bc4 c5 5. Nf3 Nc6 6. O-O Nf6 7. d4 cxd4 8. Nb5 Bg4 9. Bf4 Rc8 10. Ng5 e6 11. f3 Bf5 12. g4 Bg6 13. Bxe6 fxe6 14. Nxe6 Qd7 15. Re1 Kf7 16. Nxf8 Rhxf8 17. Nd6+ Kg8 18. Nxc8 Rxc8 19. Bg5 Nd5 20. a3 h6 21. Bd2 Re8 22. Rxe8+ Qxe8 23. Qe1 Qxe1+ 24. Rxe1 Bxc2 25. Kf2 Kf7 26. f4 Nf6 27. Kf3 Bb3 28. h3 Bd5+ 29. Ke2 Bg2 30. g5 Nd7 31. h4 Be4 32. b4 Kg6 33. Kf2 Kf5 34. h5 a6 35. a4 Nb6 36. b5 axb5 37. axb5 Ne7 38. Bb4 Ned5 39. Bf8 Nxf4 40. Bxg7 Nd3+ 41. Ke2 Nxe1 42. gxh6 Kg4 43. Bxd4 Nd7 44. Kxe1 Kxh5 45. Bg7 Kg6 46. Kd2 Bd5 47. Kc3 Be6 48. Kb4 Bd5 49. Kc3 Bh1 50. Kd4 Nb6 51. Kc5 Nc8 52. Bf8 Be4 53. Bg7 Kf7 54. Be5 Bh7 55. Bg7 Ne7 56. Kb6 Be4 57. Kc7 Nf5 58. Be5 Kg6 59. Bf4 Nxh6 60. Be5 Ng4 61. Bd6 Kf5 62. Kb8 Bd5 63. Bc7 Ke4 64. b6 Ne3 65. Ka7 Nc4 66. Bd8 Kf5 67. Bc7 Ke6 68. Bd8 Kd7 69. Bh4 Kc6 70. Bf2 Nd6 71. Bg1 Kd7 72. Bf2 Kc8 73. Bg3 Ne4 74. Bf4 Bc4 75. Be3 Nf6 76. Bd4 Nd5 77. Ka8 Ba6 78. Ka7 Kd7 79. Be3 Kc6 80. Bf2 Ne7 81. Kb8 Bc4 82. Bg1 Be6 83. Bf2 Nc8 84. Bg1 Nxb6 85. Ka7 Nd7 86. Ka8 Bc4 87. Bf2 b5 88. Bg1 b4 89. Bd4 b3 90. Bb2 Kd5 91. Bd4 Ke4 92. Ba1 Kd3 93. Bb2 Kc2 94. Bh8 b2 95. Bxb2 Kxb2 96. Kb7 Kc3 97. Kc7 Nf6 98. Kd6 Ne4+ 99. Ke5 Nd2 100. Kf4 Kd4 101. Kf5 Ne4 102. Kf4 Be6 103. Kf3 Nd6 104. Kf4 Nc4 105. Kf3 Ke5 106. Ke2 Ke4 107. Kf2 Ne5 108. Ke2 Nf3 109. Kd1 Kd3 110. Kc1 Nd4 111. Kb2 Nc2 112. Kc1 Kc3 113. Kb1 Bc4 114. Kc1 Ba2 115. Kd1 Nd4 116. Ke1 Kd3 117. Kd1 Ne2 118. Ke1 Ke3 119. Kd1 Bb3+ 120. Ke1 Bc2 121. Kf1 Nf4 122. Ke1 Ng2+ 123. Kf1 Kf3 124. Kg1 Kg3 125. Kf1 Bd3+ 126. Kg1 Be2 127. Kh1 Nf4 128. Kg1 Nh3+ 129. Kh1 Bf3# 0-1


[Site "https://www.chess.com"]

[Event "Titled Tuesday Blitz February 15 Late 2022"]
[White "Lin, Dachey"]
[Black "Niemann, Hans Moke"]
[WhiteFideId "2029650"]
[BlackFideId "2093596"]
[WhiteElo "2781"]
[BlackElo "2636"]
[Result "0-1"]
[Round "10"]
[TimeControl "180+1"]
[Date "2022.02.15"]
[WhiteClock "0:00:06"]
[BlackClock "0:01:22"]

1. Nc3 e5 2. e4 Nf6 3. f4 d5 4. fxe5 Nxe4 5. Qf3 Nxc3 6. dxc3 Nc6 7. Bf4 Be6 8. O-O-O Qd7 9. h3 a6 10. Ne2 O-O-O 11. Nd4 g6 12. Bd3 Bg7 13. Rhe1 Kb8 14. Nb3 Qe7 15. Kb1 h6 16. Bg3 Rhe8 17. Qf1 Bc8 18. Re3 h5 19. Rde1 Bh6 20. R3e2 d4 21. cxd4 Nxd4 22. Nxd4 Rxd4 23. Re4 Rxe4 24. Rxe4 Rf8 25. Qf6 Bg5 26. Qf3 Bd7 27. Re1 Bh4 28. a3 Bxg3 29. Qxg3 Be6 30. Qf4 Rd8 31. Qf6 Qxf6 32. exf6 Rd6 33. b3 Kc8 34. Kb2 Kd8 35. Kc3 Bd5 36. Re2 Rxf6 37. Rd2 Rd6 38. a4 Ke7 39. Re2+ Re6 40. Rf2 Bc6 41. Kd4 f5 42. b4 Rd6+ 43. Kc3 Kf6 44. b5 axb5 45. axb5 Bd5 46. Kb4 b6 47. Kc3 Kg5 48. g3 h4 49. gxh4+ Kxh4 50. Bf1 Be4 51. Bg2 Kg3 0-1


[Site "https://www.chess.com"]

[Event "Titled Tuesday Blitz February 15 Late 2022"]
[White "Loay, Sameer"]
[Black "Arabidze, Meri"]
[WhiteFideId "8104239"]
[BlackFideId "13604040"]
[WhiteElo "2040"]
[BlackElo "2329"]
[Result "0-1"]
[Round "10"]
[TimeControl "180+1"]
[Date "2022.02.15"]
[WhiteClock "0:01:06"]
[BlackClock "0:01:33"]

1. Nf3 d5 2. g3 e6 3. Bg2 f5 4. O-O Nf6 5. d3 Nc6 6. Nbd2 Be7 7. e4 O-O 8. exf5 exf5 9. Re1 f4 10. Nf1 fxg3 11. hxg3 Bd6 12. c3 Bg4 13. Qb3 Qd7 14. Ne3 Bxf3 15. Bxf3 Ne5 16. Bg2 c6 17. c4 Kh8 18. cxd5 cxd5 19. Nxd5 Nfg4 20. Bf4 Qf5 21. Be4 Qh5 22. Bg2 Nf3+ 23. Kf1 Ngh2+ 24. Ke2 Nd4+ 25. Kd2 Nxb3+ 26. axb3 0-1


[Site "https://www.chess.com"]

[Event "Titled Tuesday Blitz February 15 Late 2022"]
[White "Lugovskoy, Maxim"]
[Black "Xiong, Jeffery"]
[WhiteFideId "24126454"]
[BlackFideId "2047640"]
[WhiteElo "2444"]
[BlackElo "2727"]
[Result "1/2-1/2"]
[Round "10"]
[TimeControl "180+1"]
[Date "2022.02.15"]
[WhiteClock "0:00:14"]
[BlackClock "0:00:04"]

1. e4 c5 2. Nf3 d6 3. Bb5+ Bd7 4. Bxd7+ Nxd7 5. O-O Ngf6 6. Re1 Rc8 7. c3 e6 8. d4 cxd4 9. cxd4 d5 10. e5 Ng8 11. Nc3 Bb4 12. Bd2 Ne7 13. a3 Bxc3 14. bxc3 h6 15. Rb1 Nb6 16. Nh4 Qd7 17. Qg4 Kf8 18. Qe2 Nc4 19. Bc1 Ng6 20. Nxg6+ fxg6 21. Qg4 Qf7 22. a4 Kg8 23. f4 Kh7 24. Qf3 Rc6 25. g4 Ra6 26. Rb4 Nb6 27. Qd3 Rxa4 28. Rb2 Rc8 29. Rf2 Rac4 30. Bd2 Na4 31. Rc1 b5 32. f5 b4 33. f6 Nxc3 34. fxg7 Qxg7 35. Rcf1 R8c7 36. Bxc3 bxc3 37. Rc2 Rf7 38. Rxf7 Qxf7 39. Rxc3 Qc7 40. Rxc4 Qxc4 41. Qd2 a5 42. Kg2 a4 43. Qb2 h5 44. h3 hxg4 45. hxg4 Qd3 46. Qf2 Kg8 47. Qf6 Qe4+ 48. Kg3 Qe3+ 49. Kg2 Qe4+ 50. Kg3 Qe3+ 51. Kg2 Qe2+ 52. Kg3 Qe1+ 53. Kg2 Qd2+ 54. Kg3 Qe3+ 1/2-1/2


[Site "https://www.chess.com"]

[Event "Titled Tuesday Blitz February 15 Late 2022"]
[White "Martirosyan, Haik M."]
[Black "Dubov, Daniil"]
[WhiteFideId "13306553"]
[BlackFideId "24126055"]
[WhiteElo "2735"]
[BlackElo "2791"]
[Result "1/2-1/2"]
[Round "10"]
[TimeControl "180+1"]
[Date "2022.02.15"]
[WhiteClock "0:00:21"]
[BlackClock "0:00:10"]

1. d4 Nf6 2. c4 g6 3. Nf3 Bg7 4. g3 c6 5. Bg2 d5 6. cxd5 cxd5 7. Nc3 O-O 8. O-O Ne4 9. Ng5 Nf6 10. Bf4 Nc6 11. Nf3 Ne4 12. Ne5 Nxc3 13. bxc3 Nxe5 14. Bxe5 Bxe5 15. dxe5 Be6 16. Qd4 Qc7 17. Rfd1 Rfd8 18. a4 b6 19. Ra3 Rac8 20. h4 Qb8 21. Qe3 Rc4 22. a5 Qc7 23. axb6 axb6 24. h5 Rc8 25. Bxd5 Bxd5 26. Rxd5 Qc6 27. Qd3 gxh5 28. Rd8+ Kg7 29. Rd7 Qe6 30. Qd2 h4 31. Qg5+ Qg6 32. Qxg6+ Kxg6 33. gxh4 Re8 34. Rb3 Rxh4 35. Rxb6+ Kf5 36. f3 Rc4 37. e6 fxe6 38. Rd3 Rec8 39. Re3 R8c6 40. Rb3 e5 41. Kf2 e4 42. fxe4+ Rxe4 43. Rb5+ e5 44. Rxe4 Kxe4 45. Rb7 Rxc3 46. Rxh7 Kd5 47. Rd7+ Ke4 48. Rh7 Ra3 49. Rh4+ Kd5 1/2-1/2


[Site "https://www.chess.com"]

[Event "Titled Tuesday Blitz February 15 Late 2022"]
[White "Michelakos, Panagiotis"]
[Black "Abdrlauf, Elham"]
[WhiteFideId "4216067"]
[BlackFideId "1533533"]
[WhiteElo "2140"]
[BlackElo "2334"]
[Result "1-0"]
[Round "10"]
[TimeControl "180+1"]
[Date "2022.02.15"]
[WhiteClock "0:00:07"]
[BlackClock "0:00:06"]

1. d4 Nf6 2. Bg5 e6 3. e4 h6 4. Bxf6 Qxf6 5. c3 c5 6. Nf3 cxd4 7. cxd4 Bb4+ 8. Nc3 d6 9. Qa4+ Nc6 10. Bb5 Bd7 11. O-O Bxc3 12. bxc3 a6 13. d5 O-O 14. Bxc6 bxc6 15. dxc6 Be8 16. Rad1 Rc8 17. Rxd6 Qxc3 18. Nd4 Qc5 19. e5 Qxe5 20. Qa3 Qe4 21. Qxa6 Rc7 22. Qb6 Re7 23. c7 Bd7 24. Rc1 Rc8 25. Nb5 Kh7 26. Na7 Qf4 27. Qb1+ f5 28. Nxc8 Bxc8 29. Rd8 Ba6 30. c8=Q Bxc8 31. Rdxc8 Rd7 32. g3 Qf3 33. Qb3 Rd3 34. Qxe6 Rd2 35. Qg8+ Kg6 36. Qe8+ Kh7 37. Qe1 Re2 38. Qf1 Rxa2 39. R8c3 Qg4 40. R1c2 Ra5 41. Qd3 Qg6 42. Kg2 Qe6 43. Rc6 Qe5 44. Qf3 Rd5 45. Re2 Qd4 46. Rce6 Ra5 47. h4 Qc4 48. h5 Qc8 49. R6e5 Ra7 50. Qxf5+ Qxf5 51. Rxf5 Rb7 52. Rfe5 g6 53. Re7+ Kg8 54. Rxb7 Kf8 55. Ra2 Ke8 56. Ra8# 1-0


[Site "https://www.chess.com"]

[Event "Titled Tuesday Blitz February 15 Late 2022"]
[White "Miszler, Levente"]
[Black "Tregubov, Pavel V."]
[WhiteFideId "763276"]
[BlackFideId "4115341"]
[WhiteElo "2406"]
[BlackElo "2610"]
[Result "0-1"]
[Round "10"]
[TimeControl "180+1"]
[Date "2022.02.16"]
[WhiteClock "0:00:30"]
[BlackClock "0:00:20"]

1. Nf3 Nf6 2. c4 c5 3. Nc3 Nc6 4. g3 d5 5. cxd5 Nxd5 6. Nxd5 Qxd5 7. Bg2 e5 8. d3 Be7 9. O-O O-O 10. Be3 Qe6 11. a3 Bd7 12. Rc1 Nd4 13. Bxd4 exd4 14. Re1 Rad8 15. e3 dxe3 16. Rxe3 Qd6 17. Qe2 Bf6 18. Ne5 b6 19. Rd1 Ba4 20. Re1 Bb5 21. Nc4 Qd4 22. Be4 Bxc4 23. dxc4 Qxb2 24. Qh5 g6 25. Qg4 Bc3 26. Rf1 f5 27. Bxf5 Rxf5 28. Qh4 Bf6 29. Qe4 Re5 30. Qf4 Rf8 31. Qg4 Rxe3 32. fxe3 Bg7 33. Qe6+ Kh8 34. Rf7 Rxf7 35. Qxf7 Qf6 36. Qxa7 h5 37. a4 Qe6 38. Kf2 Bh6 39. a5 Qxe3+ 40. Kg2 Qe4+ 41. Kh3 Qf5+ 42. Kg2 bxa5 43. Qxa5 Bg7 44. Qd8+ Kh7 45. Qe7 Qc2+ 46. Kh3 Qxc4 47. Kg2 Qd5+ 48. Kh3 c4 49. g4 Qf3+ 50. Kh4 Qxg4# 0-1


[Site "https://www.chess.com"]

[Event "Titled Tuesday Blitz February 15 Late 2022"]
[White "Mladenovic, Stefan"]
[Black "Romero Ruscalleda, Josep"]
[WhiteFideId "942227"]
[BlackFideId "2231859"]
[WhiteElo "2355"]
[BlackElo "2437"]
[Result "1-0"]
[Round "10"]
[TimeControl "180+1"]
[Date "2022.02.15"]
[WhiteClock "0:01:15"]
[BlackClock "0:00:40"]

1. d4 g6 2. Nf3 Bg7 3. Bf4 d6 4. e3 Nf6 5. Be2 O-O 6. O-O Nbd7 7. h3 b6 8. c4 Bb7 9. Nc3 Ne4 10. Nxe4 Bxe4 11. Nd2 Bb7 12. Bf3 Bxf3 13. Nxf3 e5 14. Bh2 exd4 15. exd4 Re8 16. Rc1 Nf8 17. b4 Qf6 18. c5 dxc5 19. bxc5 Ne6 20. cxb6 cxb6 21. d5 Nc5 22. d6 Rad8 23. Qd5 Qe6 24. Rfd1 Rd7 25. Qc6 Bf8 26. Re1 Qxe1+ 27. Rxe1 Rxe1+ 28. Nxe1 h5 29. Nd3 1-0


[Site "https://www.chess.com"]

[Event "Titled Tuesday Blitz February 15 Late 2022"]
[White "Mogranzini, Roberto"]
[Black "Golubev, Mikhail"]
[WhiteFideId "810894"]
[BlackFideId "14100983"]
[WhiteElo "2469"]
[BlackElo "2374"]
[Result "1/2-1/2"]
[Round "10"]
[TimeControl "180+1"]
[Date "2022.02.16"]
[WhiteClock "0:00:44"]
[BlackClock "0:00:16"]

1. e4 c5 2. Nf3 d6 3. Nc3 Nf6 4. e5 dxe5 5. Nxe5 Nfd7 6. Nc4 Nc6 7. g3 Nb6 8. Ne3 g6 9. Bg2 Bg7 10. a4 a5 11. O-O Nd4 12. d3 O-O 13. Ne4 Qc7 14. c3 Nf5 15. Qc2 Rd8 16. Re1 e5 17. Nxf5 Bxf5 18. Be3 c4 19. Bxb6 Qxb6 20. dxc4 Rac8 21. c5 Bxe4 22. Qxe4 Qxc5 23. Rad1 b6 24. Qc2 f5 25. Qb3+ Kh8 26. Rxd8+ Rxd8 27. Rd1 Rxd1+ 28. Qxd1 e4 29. Qd8+ Bf8 30. Qe8 Kg7 31. Bf1 Qe7 32. Qxe7+ Bxe7 33. f3 exf3 34. Kf2 Kf6 35. Kxf3 Ke5 36. Bc4 h6 37. h4 g5 38. hxg5 hxg5 39. g4 f4 40. Bf7 Bc5 41. Ke2 Be3 42. b4 axb4 43. cxb4 Kd4 44. a5 bxa5 45. bxa5 Kc5 46. a6 Kb6 47. Bc4 Bc1 48. Kf3 Ka7 49. Be2 Bd2 50. Bd3 Bc1 51. Ke2 f3+ 52. Kxf3 Bf4 53. Ke4 Kb6 54. Kf5 Ka7 55. Ke4 Kb6 56. Kd5 Ka7 57. Kc6 Be3 58. Bc4 Bf4 59. Kd5 Bc1 60. Ke4 Bf4 61. Kd3 Bc1 62. Kc2 Bf4 63. Kd1 Kb6 64. Ke2 Ka7 65. Kd3 Kb6 66. Ke2 Ka7 67. Kd1 Kb6 68. Ke2 1/2-1/2


[Site "https://www.chess.com"]

[Event "Titled Tuesday Blitz February 15 Late 2022"]
[White "Namitbir Singh Walia"]
[Black "Tan, Jun Ying"]
[WhiteFideId "35071068"]
[BlackFideId "5710413"]
[WhiteElo "1479"]
[BlackElo "1827"]
[Result "0-1"]
[Round "10"]
[TimeControl "180+1"]
[Date "2022.02.16"]
[WhiteClock "0:00:12"]
[BlackClock "0:01:16"]

1. d4 Nf6 2. c4 e5 3. dxe5 Ng4 4. Nf3 Bc5 5. e3 Nc6 6. Nc3 O-O 7. Be2 Ngxe5 8. O-O Re8 9. a3 a5 10. b3 Nxf3+ 11. Bxf3 Ne5 12. Be2 Ra6 13. Bb2 Rh6 14. Ne4 Qh4 15. h3 Qxe4 16. b4 Rg6 17. g3 Bxe3 18. Kh2 Ba7 19. c5 d6 20. Rc1 Bxh3 21. f3 Qf5 22. f4 Bxf1 23. Qxf1 Ng4+ 24. Kg1 dxc5 25. Bd3 c4+ 0-1


[Site "https://www.chess.com"]

[Event "Titled Tuesday Blitz February 15 Late 2022"]
[White "Novikova, Galina"]
[Black "Quirke, Jeffrey"]
[WhiteFideId "4157095"]
[BlackFideId "2013029"]
[WhiteElo "1863"]
[BlackElo "2188"]
[Result "0-1"]
[Round "10"]
[TimeControl "180+1"]
[Date "2022.02.16"]
[WhiteClock "0:00:17"]
[BlackClock "0:00:06"]

1. e4 c5 2. Nf3 e6 3. b4 b6 4. bxc5 bxc5 5. c3 Nc6 6. d4 cxd4 7. cxd4 d5 8. e5 Bb4+ 9. Bd2 Qb6 10. Bd3 Ba6 11. Qe2 Bxd3 12. Qxd3 Nge7 13. O-O O-O 14. Nc3 Nf5 15. Ne2 Bxd2 16. Qxd2 Rfc8 17. h4 Rab8 18. h5 h6 19. g4 Nfe7 20. g5 Qb2 21. Qe3 Nf5 22. Qd3 Nb4 23. Qd1 Qc2 24. gxh6 Qxd1 25. Rfxd1 Nxh6 26. a4 a5 27. Ng3 Rc2 28. Rdc1 Rbc8 29. Rxc2 Rxc2 30. Ra3 Ng4 31. h6 Nxh6 32. Nh2 Ra2 33. Rc3 Rxa4 34. Rc8+ Kh7 35. Nf3 Ra1+ 36. Kg2 a4 37. Ne2 g6 38. Rc7 a3 39. Ng5+ Kg8 40. Nc3 a2 41. Ra7 Rb1 42. Nxa2 Ra1 43. Ra8+ Kg7 44. Ra7 Rxa2 45. Nxe6+ Kg8 46. Rb7 fxe6 47. Rxb4 g5 48. Rb6 Kf7 49. Rb7+ Kg6 50. Rb6 Kf5 51. Rb3 Ra6 52. Kg3 Kg6 53. Rb8 Ra7 54. Re8 Rf7 55. Rxe6+ Kg7 56. Rd6 Nf5+ 57. Kg4 Nxd6 58. exd6 Rd7 59. Kxg5 Rxd6 60. f4 Ra6 61. Kf5 Kf7 62. Ke5 Ra5 63. Kd6 Rb5 64. f5 Rb3 65. Ke5 Rf3 66. Kxd5 Rxf5+ 67. Kc6 Rf1 68. d5 Ke8 69. Kc7 Rc1+ 70. Kd6 Kd8 71. Ke6 Rc2 72. Kd6 Rc3 73. Ke6 Ra3 74. Kd6 Ra6+ 75. Ke5 Kd7 76. Kd4 Kd6 77. Kc4 Ra5 0-1


[Site "https://www.chess.com"]

[Event "Titled Tuesday Blitz February 15 Late 2022"]
[White "Papasimakopoulos, Alexandros"]
[Black "Grischuk, Alexander"]
[WhiteFideId "4244125"]
[BlackFideId "4126025"]
[WhiteElo "2340"]
[BlackElo "2762"]
[Result "0-1"]
[Round "10"]
[TimeControl "180+1"]
[Date "2022.02.15"]
[WhiteClock "0:00:18"]
[BlackClock "0:00:21"]

1. d4 e6 2. c4 b6 3. e3 Bb7 4. Ne2 f5 5. Nbc3 Nf6 6. Ng3 Bb4 7. f3 h5 8. h4 O-O 9. Bd3 c5 10. a3 Bxc3+ 11. bxc3 Nc6 12. Ra2 Qc7 13. f4 Na5 14. Nxh5 Ne4 15. Rc2 g6 16. g4 gxh5 17. gxf5 Rxf5 18. Rg1+ Kf7 19. Rcg2 Rf8 20. Qf3 Qc6 21. Rg7+ Ke8 22. Rh7 Nf6 23. Qxc6 Bxc6 24. Bxf5 exf5 25. Rh6 Nxc4 26. Rg5 Be4 27. Rg7 Rf7 28. Rh8+ Ke7 29. Rxf7+ Kxf7 30. Rc8 Bc6 31. a4 a5 32. Rb8 Bxa4 33. dxc5 bxc5 34. Ra8 Bc6 35. Ra7 a4 36. Kf2 Ke6 37. Ke2 Ne4 38. Kd3 Kd5 39. Ra6 Ned6 40. Kc2 Ke4 41. Ra7 Nxe3+ 42. Bxe3 Kxe3 43. Ra5 Kxf4 44. Rxc5 Kg4 45. Rc4+ Nxc4 0-1


[Site "https://www.chess.com"]

[Event "Titled Tuesday Blitz February 15 Late 2022"]
[White "Papayan, Oleg"]
[Black "Li, Hui"]
[WhiteFideId "4193911"]
[BlackFideId "15400310"]
[WhiteElo "2038"]
[BlackElo "1954"]
[Result "1-0"]
[Round "10"]
[TimeControl "180+1"]
[Date "2022.02.16"]
[WhiteClock "0:00:10"]
[BlackClock "0:00:08"]

1. e4 e5 2. Nf3 Nf6 3. d4 exd4 4. e5 Ne4 5. Qxd4 d5 6. exd6 Nxd6 7. Nc3 Nc6 8. Qf4 Nf5 9. Bd3 Bd6 10. Qg5 Qxg5 11. Bxg5 O-O 12. O-O-O Be6 13. Nb5 Nb4 14. Nxd6 Nxd3+ 15. Rxd3 Nxd6 16. Be7 Rfe8 17. Bxd6 cxd6 18. Rxd6 Rac8 19. Nd4 h6 20. Nxe6 Rxe6 21. Rxe6 fxe6 22. Re1 Kf7 23. Re4 Rc5 24. Kd2 Ra5 25. a4 Rd5+ 26. Ke3 Rc5 27. c4 Rc8 28. b4 b6 29. f4 Ra8 30. Rd4 Ke7 31. c5 bxc5 32. bxc5 Rc8 33. Rc4 Kd7 34. Kd4 Rf8 35. c6+ Kd6 36. g3 Rc8 37. c7 Rxc7 38. Rxc7 Kxc7 39. Kc5 Kd7 40. g4 Kc7 41. h4 Kd7 42. h5 Kc7 43. g5 Kd7 44. Kd4 Kd6 45. Ke4 Kd7 46. Ke5 Ke7 47. f5 exf5 48. Kxf5 hxg5 49. Kxg5 Kf7 50. Kf5 Ke7 51. Kg6 Kf8 52. a5 Kg8 53. a6 Kf8 54. Kg5 Kf7 55. Kf5 Kf8 56. Ke6 Kg8 57. Kd7 Kh7 58. Kc7 Kh6 59. Kb7 Kxh5 60. Kxa7 g5 61. Kb8 g4 62. a7 g3 63. a8=Q Kg4 64. Qg2 1-0


[Site "https://www.chess.com"]